 Dungeon Crawl Stone Soup version 0.23.0 (webtiles) character file.

Game seed: 8997184645527251158

1597 ventricule the Cleaver (level 8, 0/96 HPs)
             Began as a Minotaur Berserker on Feb 9, 2019.
             Was an Elder of Trog.
             Slain by a hippogriff (4 damage)
             ... on level 6 of the Dungeon.
             The game lasted 00:10:11 (5296 turns).

ventricule the Cleaver (Minotaur Berserker)         Turns: 5296, Time: 00:10:12

Health: 0/96       AC: 11    Str: 26    XL:     8   Next: 62%
Magic:  0/7        EV: 10    Int:  5    God:    Trog [****..]
Gold:   318        SH:  0    Dex: 12    Spells: 7/7 levels left

rFire    . . .     SeeInvis .   a - +1 hand axe
rCold    . . .     Gourm    .   (no shield)
rNeg     . . .     Faith    .   d - +0 chain mail
rPois    .         Spirit   +   (helmet restricted)
rElec    .         Reflect  .   (no cloak)
rCorr    .         Harm     .   (no gloves)
MR       .....                  (no boots)
Stlth    ..........             G - amulet of guardian spirit {Spirit}
HPRegen  0.26/turn              (no ring)
MPRegen  0.10/turn              (no ring)

@: berserking, studying Maces & Flails, very quick
A: retaliatory headbutt, horns 2
a: Berserk, Trog's Hand, Brothers in Arms, Renounce Religion


You were on level 6 of the Dungeon.
You worshipped Trog.
Trog was greatly pleased with you.
You were near starving.

You visited 1 branch of the dungeon, and saw 6 of its levels.

You collected 318 gold pieces.

Inventory:

Hand Weapons
 a - a +1 hand axe (weapon)
Missiles
 c - 15 poisoned needles
 Q - 135 stones (quivered)
Armour
 b - a +0 animal skin
 d - a +0 chain mail (worn)
Jewellery
 m - an uncursed ring of protection from magic
 q - an uncursed amulet of the acrobat
 G - an amulet of guardian spirit (around neck) {Spirit}
Wands
 n - a wand of disintegration (11)
 u - a wand of enslavement (7)
Scrolls
 f - 3 scrolls of fog
 i - 2 scrolls of identify
 j - 6 scrolls of remove curse
 s - a scroll of noise {unknown}
 t - a scroll of immolation {!r}
 w - a scroll of enchant armour {unknown}
Potions
 g - 2 potions of curing {unknown}
 h - 3 potions of haste
 k - a potion of flight {unknown}
 o - 2 potions of magic
 p - a potion of agility {unknown}
 r - 3 potions of heal wounds
 x - 2 potions of might {unknown}
 z - a potion of lignification {unknown}
Books
 v - a manual of Maces & Flails {!d}
Comestibles
 e - 8 rations


   Skills:
 - Level 3.6 Fighting
 + Level 9.8 Axes
 + Level 9.1 Armour
 + Level 3.5 Dodging


You had 7 spell levels left.
You didn't know any spells.
Your spell library was empty.

Dungeon Overview and Level Annotations

Branches:
Dungeon (6/15)             Temple (0/1) D:4

Altars:
Ashenzari
Okawaru
Trog


Innate Abilities, Weirdness & Mutations

You reflexively headbutt those who attack you in melee.
You have a pair of horns on your head.


Message History

* * * LOW HITPOINT WARNING * * *
The hippogriff barely misses you.
You take 4 damage, and have 12/96 hp.
You slice the hippogriff!!
Your chain mail prevents you from hitting the orc.
The orc barely misses you. You furiously retaliate!
You headbutt the orc!
You kill the orc!
The hippogriff bites you.
* * * LOW HITPOINT WARNING * * *
The hippogriff pecks you.
* * * LOW HITPOINT WARNING * * *
The hippogriff closely misses you.
You take 8 damage, and have 4/96 hp.
You slash the hippogriff! You barely miss the hippogriff.
The hippogriff bites you but does no damage.
The hippogriff pecks you but does no damage.
The hippogriff claws you.
* * * LOW MAGIC WARNING * * *
You die...

.......#.#..........#.
#..#.....#..............
.........#.......... ...
##..............#.# ....
..................#.....
................#.#.....
................(.......
.....#.#.##....(..(.#.
.......#.#.....H@)#...#
.......#........))....#
...... ................#
.... .###.####.........
#. .......#.# .
........# # ........#
.......###


You could see a hippogriff.

Levels and vault maps discovered:
D:1:      eino_arrival_water_cross, layout_loops_corners,
          evilmike_ruin_ashenzari
D:2:      layout_basic, nicolae_overflow_hidden_temple, minmay_octomino_c4,
          uniq_jessica
D:3:      minmay_diamond_boxcup, layout_rooms, gammafunk_temple_overflow_statue
D:4:      layout_cave_pods, minmay_temple_entry_junction,
          gammafunk_ghost_gnarly_gnolls, first_ration, minmay_misc_feat_alley,
          grunt_decor_clamped
D:5:      layout_gridville, chequers_ossuary_entry_cave, uniq_blork_the_orc
D:6:      layout_basic, serial_shops, shop, uniq_edmund

Notes
Turn   | Place    | Note
-------+----------+-------------------------------------------
     0 | D:1      | ventricule the Minotaur Berserker began the quest for the
                  | Orb.
     0 | D:1      | Reached XP level 1. HP: 19/19 MP: 0/0
    15 | D:1      | Identified a +0 club
    19 | D:1      | Reached skill level 4 in Axes
   185 | D:1      | Identified a +0 dagger
   189 | D:1      | Reached XP level 2. HP: 26/26 MP: 1/1
   209 | D:1      | Identified a +0 chain mail (You found it on level 1 of the
                  | Dungeon)
   314 | D:1      | Identified a +0 short sword
   463 | D:1      | Found a shattered altar of Ashenzari.
   552 | D:1      | Identified a +0 club
   566 | D:1      | Reached ** piety under Trog
   768 | D:1      | Reached skill level 3 in Armour
   768 | D:1      | Reached XP level 3. HP: 31/31 MP: 2/2
   783 | D:1      | Identified an amulet of guardian spirit (You found it on
                  | level 1 of the Dungeon)
  1124 | D:2      | Identified a +0 club
  1135 | D:2      | Reached skill level 5 in Axes
  1169 | D:2      | Identified a cursed -1 club
  1169 | D:2      | Identified a +0 ring mail
  1277 | D:2      | Reached XP level 4. HP: 37/39 MP: 3/3
  1298 | D:2      | Identified a cursed -1 whip
  1443 | D:2      | Reached skill level 4 in Armour
  1445 | D:2      | Identified a scroll of remove curse
  1446 | D:2      | Identified a scroll of immolation
  1447 | D:2      | Identified a scroll of amnesia
  1448 | D:2      | Identified 2 scrolls of fog
  1449 | D:2      | Identified 3 scrolls of identify
  1449 | D:2      | Identified an amulet of the acrobat (You found it on level
                  | 2 of the Dungeon)
  1450 | D:2      | Identified a scroll of teleportation
  1476 | D:2      | Identified a +0 club
  1564 | D:2      | Identified a +0 club
  1621 | D:2      | Identified a +0 robe
  1621 | D:2      | Noticed Jessica
  1626 | D:2      | Killed Jessica
  1905 | D:3      | Identified a +0 club
  1905 | D:3      | Identified a +0 hunting sling
  1906 | D:3      | Identified a +0 whip
  1906 | D:3      | Identified a +0 scale mail
  1917 | D:3      | Reached XP level 5. HP: 45/45 MP: 4/4
  1974 | D:3      | Identified a +0 short sword
  1980 | D:3      | Reached *** piety under Trog
  2087 | D:3      | Identified a scroll of fear
  2088 | D:3      | Identified 2 potions of magic
  2089 | D:3      | Identified a potion of haste
  2132 | D:3      | Found a bloodstained altar of Trog.
  2132 | D:3      | Found an iron altar of Okawaru.
  2265 | D:3      | Reached skill level 6 in Axes
  2507 | D:4      | Reached skill level 5 in Armour
  2532 | D:4      | Identified a +2 halberd of venom
  2534 | D:4      | Identified a cursed +0 whip
  2534 | D:4      | Identified a +0 robe
  2615 | D:4      | Found a transporter.
  2647 | D:4      | Reached XP level 6. HP: 48/51 MP: 2/5
  3202 | D:4      | Reached skill level 7 in Axes
  3202 | D:4      | Reached skill level 6 in Armour
  3251 | D:4      | Identified a +0 spear
  3253 | D:4      | Identified an uncursed ring of protection from magic
  3253 | D:4      | Identified the +9 spear of Patience {venom, rPois rN++
                  | Int+3 Dex-2}
  3254 | D:4      | Found a transporter.
  3257 | D:4      | Identified a +0 whip
  3290 | D:4      | Found a staircase to the Ecumenical Temple.
  3542 | D:4      | Noticed coffee's ghost (novice TrFi)
  3545 | D:4      | Identified a +0 club
  3692 | D:4      | Reached XP level 7. HP: 46/57 MP: 6/6
  4246 | D:4      | Killed coffee's ghost
  4246 | D:4      | Reached skill level 8 in Axes
  4246 | D:4      | Reached skill level 7 in Armour
  4391 | D:5      | Entered Level 5 of the Dungeon
  4391 | D:5      | Identified a +0 shortbow
  4391 | D:5      | Identified a +0 falchion
  4391 | D:5      | Identified a +0 scale mail
  4391 | D:5      | Identified a +0 club
  4391 | D:5      | Identified a +0 dagger
  4391 | D:5      | Identified a +0 robe
  4391 | D:5      | Identified a +0 dagger
  4391 | D:5      | Identified a +0 robe
  4392 | D:5      | Identified a scroll of enchant weapon
  4393 | D:5      | Identified a scroll of magic mapping
  4394 | D:5      | Identified a +0 flail
  4401 | D:5      | Reached **** piety under Trog
  4401 | D:5      | Reached skill level 8 in Armour
  4401 | D:5      | Reached XP level 8. HP: 64/64 MP: 4/7
  4405 | D:5      | Reached skill level 9 in Axes
  4473 | D:5      | Identified a +0 shortbow
  4492 | D:5      | Found a sand-covered staircase.
  4540 | D:5      | Identified a +0 dire flail of protection
  4540 | D:5      | Identified a +0 robe
  4540 | D:5      | Noticed Blork the orc
  4548 | D:5      | Killed Blork the orc
  4756 | D:5      | Identified a +0 shortbow
  4765 | D:5      | Reached skill level 3 in Dodging
  4802 | D:5      | Identified a cursed +0 dagger
  4802 | D:5      | Identified a +0 robe
  4802 | D:5      | Identified a +0 short sword of flaming
  4802 | D:5      | Identified a +0 leather armour
  4803 | D:5      | Identified a +0 leather armour
  4804 | D:5      | Identified a +0 leather armour
  5279 | D:6      | Reached skill level 9 in Armour
  5281 | D:6      | Noticed a hippogriff
  5281 | D:6      | Identified a +0 dagger
  5283 | D:6      | Identified a +0 club
  5285 | D:6      | Identified a +0 war axe
  5291 | D:6      | HP: 22/96 [hippogriff (3)]
  5294 | D:6      | HP: 10/96 [hippogriff (3)]
  5294 | D:6      | HP: 4/96 [hippogriff (6)]
  5296 | D:6      | Slain by a hippogriff

Table legend:
 A = Turns spent in this place as a percentage of turns spent in the entire game.
 B = Non-inter-level travel turns spent in this place as a percentage of non-inter-level travel turns spent in the entire game.
 C = Inter-level travel turns spent in this place as a percentage of turns spent in this place.
 D = Turns resting spent in this place as a percentage of non-inter-level travel turns spent in this place.
 E = Turns spent auto-exploring this place as a percentage of non-inter-level travel turns spent in this place.
 F = Non-inter-level travel turns spent in this place divided by the number of levels of this place that you've seen.
                   A       B       C       D       E      F
               +-------+-------+-------+-------+-------+----------------------
         Total | 100.0 | 100.0 |   2.5 |  26.7 |  54.5 | 860.7
       Dungeon | 100.0 | 100.0 |   2.5 |  26.7 |  54.5 | 860.7
               +-------+-------+-------+-------+-------+----------------------

Table legend:
 A = Kills in this place as a percentage of kills in entire the game.
 B = Kills by you in this place as a percentage of kills by you in the entire game.
 C = Kills by friends in this place as a percentage of kills by friends in the entire game.
 D = Other kills in this place as a percentage of other kills in the entire game.
 E = Experience gained in this place as a percentage of experience gained in the entire game.
 F = Experience gained in this place divided by the number of levels of this place that you have seen.
                   A       B       C       D       E      F
               +-------+-------+-------+-------+-------+----------------------
         Total | 100.0 | 100.0 |   N/A |   N/A | 100.0 | 380.3
       Dungeon | 100.0 | 100.0 |   N/A |   N/A | 100.0 | 380.3
               +-------+-------+-------+-------+-------+----------------------

Skill      XL: |  1  2  3  4  5  6  7  8 |
---------------+-------------------------+-----
Axes           | 4 5 6 7 8 9 |  9.8
Armour         | 3 4 5 6 8 9 |  9.1
Dodging        | 3 |  3.5
Fighting       | |  3.6

Action                   |  1- 3 |  4- 6 |  7- 9 || total
-------------------------+-------+-------+-------++-------
Melee: Hand axe          |    81 |   170 |   131 ||   382
       Headbutt          |     9 |    25 |    24 ||    58
Throw: Stone             |       |       |     1 ||     1
Invok: Berserk           |     1 |     4 |     5 ||    10
  Use: Scroll            |       |     9 |     2 ||    11
  Eat: Chunk             |     2 |     8 |     5 ||    15
       Ration            |       |     1 |     1 ||     2
Armor: Animal skin       |     1 |       |       ||     1
       Chain mail        |    58 |    91 |    50 ||   199
Dodge: Dodged            |    45 |    65 |    52 ||   162

Vanquished Creatures
  The ghost of coffee the Ruffian, a novice TrFi (D:4)
  3 centaurs (D:5)
  Blork the orc (D:5)
  4 scorpions (D:4)
  2 crimson imps (D:5)
  A centaur zombie (D:6)
  A hound (D:5)
  3 orc priests (D:6)
  A gnoll shaman (D:4)
  A bullfrog skeleton (D:4)
  Jessica (D:2)
  An iguana (D:4)
  3 orc wizards (D:5)
  2 worker ants
  5 gnolls (D:4)
  12 adders
  A shadow imp (D:5)
  An ooze (D:1)
  2 adder skeletons
  4 worms
  A dart slug (D:1)
  6 leopard geckos
  8 orcs
  2 ball pythons
  10 giant cockroaches
  8 goblins
  6 hobgoblins
  A jackal (D:2)
  7 kobolds
  2 quokkas
  13 bats
  12 frilled lizards
  A leopard gecko zombie (D:3)
  2 quokka skeletons (D:5)
  9 rats
138 creatures vanquished.

Vanquished Creatures (others)
  6 plants (D:4)
6 creatures vanquished.

Grand Total: 144 creatures vanquished
